Connexion

VANCOUVER Canucks vs MINNESOTA Wild (R4)

Created - 3 novembre 2023 at 05:17

Goals
1 2 3 T
VANCOUVER Canucks 2 0 1 3
MINNESOTA Wild 1 1 3 5
Shots
1 2 3 T
VANCOUVER Canucks 9 13 8 30
MINNESOTA Wild 9 10 8 27

GoalsPenalties
1st period
1. VANCOUVER Canucks , Tomas Nosek 2 (Michael Rasmussen 5, Nate Schmidt 30) at 4:50
2. VANCOUVER Canucks , Ryan Pulock 3 (Janne Kuokkanen 9, Devin Shore 8) at 13:40 (SH)
3. MINNESOTA Wild , Danton Heinen 10 (Will Butcher 19, Jordan Eberle 17) at 16:48 (PP)
Logan Shaw (VAN) for Hooking (Minor) at 1:56
Nick Bjugstad (MIN) for Roughing (Minor) at 5:52
Nate Schmidt (VAN) for Roughing (Double Minor) at 13:07
2nd period
4. MINNESOTA Wild , Danton Heinen 11 (Casey Fitzgerald 6, Frank Vatrano 21) at 9:26
Ryan Murray (MIN) for Holding (Minor) at 1:49
Vladimir Tarasenko (VAN) for Hooking (Minor) at 9:53
Ryan Pulock (VAN) for Boarding (Minor) at 13:41
Marko Dano (MIN) for Tripping (Minor) at 16:40
Kyle Connor (MIN) for High sticking (Double Minor) at 19:45
3rd period
5. MINNESOTA Wild , Tyler Toffoli 9 (Scott Laughton 5, Ty Smith 14) at 11:43
6. VANCOUVER Canucks , Jack Eichel 19 (Matt Duchene 20, Vladimir Tarasenko 11) at 12:21
7. MINNESOTA Wild , Ryan Murray 11 (Tyler Toffoli 8, Jordan Greenway 12) at 17:03
8. MINNESOTA Wild , Danton Heinen 12 (Will Butcher 20, Scott Laughton 6) at 19:53 (Empty Net)
Vladimir Tarasenko (VAN) for Holding (Minor) at 14:14
Goalie Stats
Jeremy Swayman (VAN), 22 saves from 26 shots - (0,846), L, 11-10-1, 59:30 minutes
Scott Wedgewood (MIN), 27 saves from 30 shots - (0,900), W, 8-3-2, 60:00 minutes
3 StarsOfficial
1 - Danton Heinen (MIN)
2 - Tyler Toffoli (MIN)
3 - Scott Laughton (MIN)
Referees : Dan Marouelli and Bill McCreary
Linesman : Michel Cormier and Lonnie Cameron
Game Note
Danton Heinen has scored a Hat Trick!
Danton Heinen has scored in a empty net!
Finance
Level 1 -- Attendance: 5689 (94,82%) -- Ticket Income 625 790 $
Level 2 -- Attendance: 5064 (100,00%) -- Ticket Income 354 480 $
Level 3 -- Attendance: 1968 (98,40%) -- Ticket Income 88 560 $
Level 4 -- Attendance: 3616 (90,40%) -- Ticket Income 108 480 $
Luxury Box -- Attendance: 943 (94,30%) -- Ticket Income 235 750 $
Game was played at the Xcel Energy Center.
Total Attendance: 17280 (95,66%)
Total Ticket Income: 1 413 060 $
Other Income: 282 612 $
Total Income: 1 695 672 $



Team Name Goals Shots Shots Attemp Shots Blocked PIM HIT PP PK FO%
VANCOUVER Canucks 33052912240 / 5 (0%)151%
MINNESOTA Wild 52762410131 / 6 (17%)049%

VANCOUVER Canucks
Player Name POS G A P +/- PIM HIT SHT SB MP PP MP PP SHT PK MP PK SHT FO% FOT
Ben ChiarotD000-1021111:360:0000:0000% 0
Casey MittelstadtC000-1004011:584:0821:39044% 16
Devin ShoreC/LW/RW0111031017:020:0007:13044% 16
Jack EichelC101-1012021:415:4800:00059% 29
Janne KuokkanenLW0110000113:330:0007:220100% 1
Joel Eriksson EKC/LW/RW0000023013:574:0820:00058% 12
Logan ShawC/RW000-124009:010:0002:5100% 0
Matt DucheneC/LW011-1024022:235:4820:42040% 5
Mattias EkholmD0000010122:164:0805:5700% 0
Michael RasmussenC0110001010:010:0003:27036% 11
Nate SchmidtD0110403124:285:4834:0100% 0
Ryan DzingelC/LW/RW0000012013:574:0810:0000% 0
Ryan PulockD1010212221:094:0804:5110% 0
Tobias BjornfotD000-1000013:460:0002:1000% 0
Tomas NosekC/LW101001206:340:0000:0000% 0
Travis HamonicD0000041326:435:4816:1500% 0
Tyler AngleC000000006:340:0000:0000% 1
Vladimir TarasenkoRW011-1424021:395:4800:000100% 3
MINNESOTA Wild
Player Name POS G A P +/- PIM HIT SHT SB MP PP MP PP SHT PK MP PK SHT FO% FOT
Casey FitzgeraldD0112030017:080:0005:2900% 0
Christian DvorakC/LW000000004:260:0000:000100% 1
Danton HeinenC/LW/RW3030004017:406:0610:000100% 1
Frank VatranoC/LW/RW0110004016:435:3110:00055% 20
Jordan EberleC/RW011-2000020:136:0600:52044% 27
Jordan GreenwayLW/RW011302109:340:0000:000100% 1
Kevin RooneyC000000007:390:0003:13050% 10
Kyle ConnorLW000-2413019:206:0620:0000% 1
Marko DanoC/LW/RW000020104:250:0000:0000% 0
Mike MathesonD000-1001121:395:3311:0100% 0
Nick BjugstadC/RW000-1231021:185:3112:33067% 3
Ryan MurrayD101-1203124:225:3313:4500% 0
Scott LaughtonC/LW0223001016:170:0006:43048% 27
Ty SmithD0112010017:416:0400:0000% 0
Tyler ToffoliLW/RW1122001015:430:0006:3100% 2
Victor MeteD0000022116:260:0004:4110% 0
Viktor ArvidssonLW/RW0000014016:435:3110:0000% 1
Will ButcherD0220001122:436:0414:5600% 0



Play-by-Play

1st period


0:01 of 1st period - Nick Bjugstad wins face-off versus Jack Eichel in neutral zone.
0:22 of 1st period - Nate Schmidt is hit by Nick Bjugstad and loses puck.
1:13 of 1st period - Shot by Joel Eriksson EK.
1:13 of 1st period - Shot Misses the Net.
1:38 of 1st period - Icing by Viktor Arvidsson.
1:39 of 1st period - Frank Vatrano wins face-off versus Casey Mittelstadt in MINNESOTA Wild zone.
1:39 of 1st period - Frank Vatrano is hit by Logan Shaw.
1:55 of 1st period - Janne Kuokkanen is hit by Viktor Arvidsson.
1:56 of 1st period - Minor Penalty to Logan Shaw for Hooking.
1:57 of 1st period - Devin Shore wins face-off versus Jordan Eberle in VANCOUVER Canucks zone.
2:05 of 1st period - Icing by Mike Matheson.
2:06 of 1st period - Jordan Eberle wins face-off versus Devin Shore in MINNESOTA Wild zone.
2:06 of 1st period - Jordan Eberle is hit by Devin Shore.
2:26 of 1st period - Shot by Kyle Connor.
2:26 of 1st period - Shot Misses the Net.
2:28 of 1st period - Shot by Ryan Murray.
2:28 of 1st period - Shot Misses the Net.
2:30 of 1st period - Shot by Jordan Eberle.
2:30 of 1st period - Shot Misses the Net.
3:12 of 1st period - Shot by Frank Vatrano.
3:12 of 1st period - Deflect By Viktor Arvidsson.
3:12 of 1st period - Shot Misses the Net.
3:19 of 1st period - Icing by Ty Smith.
3:20 of 1st period - Frank Vatrano wins face-off versus Devin Shore in MINNESOTA Wild zone.
4:09 of 1st period - Shot by Jordan Greenway.
4:09 of 1st period - Shot Misses the Net.
4:14 of 1st period - Vladimir Tarasenko is hit by Jordan Greenway and loses puck.
4:25 of 1st period - Shot by Vladimir Tarasenko.
4:25 of 1st period - Stopped by Scott Wedgewood without a rebound.
4:26 of 1st period - Kevin Rooney wins face-off versus Michael Rasmussen in MINNESOTA Wild zone.
4:40 of 1st period - Icing by Travis Hamonic.
4:41 of 1st period - Michael Rasmussen wins face-off versus Jordan Eberle in VANCOUVER Canucks zone.
4:50 of 1st period - Shot by Michael Rasmussen.
4:50 of 1st period - Deflect By Tomas Nosek.
4:50 of 1st period - Goal by Tomas Nosek - VANCOUVER Canucks : 1 - MINNESOTA Wild : 0.
4:51 of 1st period - Jack Eichel wins face-off versus Scott Laughton in neutral zone.
5:03 of 1st period - Off-side.
5:04 of 1st period - Casey Mittelstadt wins face-off versus Frank Vatrano in neutral zone.
5:19 of 1st period - Shot by Casey Mittelstadt.
5:19 of 1st period - Stopped by Scott Wedgewood without a rebound.
5:20 of 1st period - Jordan Eberle wins face-off versus Joel Eriksson EK in MINNESOTA Wild zone.
5:52 of 1st period - Minor Penalty to Nick Bjugstad for Roughing.
5:53 of 1st period - Jack Eichel wins face-off versus Scott Laughton in MINNESOTA Wild zone.
6:34 of 1st period - Shot by Nate Schmidt.
6:34 of 1st period - Stopped by Scott Wedgewood without a rebound.
6:35 of 1st period - Kevin Rooney wins face-off versus Casey Mittelstadt in MINNESOTA Wild zone.
6:52 of 1st period - Shot by Ryan Pulock.
6:52 of 1st period - Shot Blocked by Ryan Murray.
6:54 of 1st period - Shot by Joel Eriksson EK.
6:54 of 1st period - Shot Misses the Net.
7:14 of 1st period - Shot by Joel Eriksson EK.
7:14 of 1st period - Stopped by Scott Wedgewood without a rebound.
7:15 of 1st period - Scott Laughton wins face-off versus Jack Eichel in MINNESOTA Wild zone.
7:38 of 1st period - Scott Laughton is hit by Vladimir Tarasenko.
8:01 of 1st period - Shot by Tyler Angle.
8:01 of 1st period - Deflect By Michael Rasmussen.
8:01 of 1st period - Shot Misses the Net.
8:16 of 1st period - Shot by Viktor Arvidsson.
8:16 of 1st period - Deflect By Frank Vatrano.
8:16 of 1st period - Stopped by Jeremy Swayman without a rebound.
8:17 of 1st period - Joel Eriksson EK wins face-off versus Jordan Eberle in VANCOUVER Canucks zone.
9:25 of 1st period - Icing by Ryan Murray.
9:26 of 1st period - Jordan Eberle wins face-off versus Jack Eichel in MINNESOTA Wild zone.
9:54 of 1st period - Shot by Victor Mete.
9:54 of 1st period - Deflect By Jordan Greenway.
9:54 of 1st period - Stopped by Jeremy Swayman without a rebound.
9:55 of 1st period - Frank Vatrano wins face-off versus Casey Mittelstadt in VANCOUVER Canucks zone.
9:55 of 1st period - Frank Vatrano is hit by Ben Chiarot.
10:18 of 1st period - Shot by Casey Mittelstadt.
10:18 of 1st period - Stopped by Scott Wedgewood with a rebound.
10:23 of 1st period - Frank Vatrano is hit by Logan Shaw and loses puck.
10:28 of 1st period - Shot by Viktor Arvidsson.
10:28 of 1st period - Stopped by Jeremy Swayman with a rebound.
10:30 of 1st period - Shot by Viktor Arvidsson.
10:30 of 1st period - Stopped by Jeremy Swayman without a rebound.
10:31 of 1st period - Vladimir Tarasenko wins face-off versus Scott Laughton in VANCOUVER Canucks zone.
10:44 of 1st period - Shot by Jack Eichel.
10:44 of 1st period - Deflect By Vladimir Tarasenko.
10:44 of 1st period - Stopped by Scott Wedgewood without a rebound.
10:45 of 1st period - Kevin Rooney wins face-off versus Joel Eriksson EK in MINNESOTA Wild zone.
11:17 of 1st period - Icing by Will Butcher.
11:18 of 1st period - Jack Eichel wins face-off versus Kevin Rooney in MINNESOTA Wild zone.
11:31 of 1st period - Shot by Jack Eichel.
11:31 of 1st period - Stopped by Scott Wedgewood without a rebound.
11:32 of 1st period - Scott Laughton wins face-off versus Casey Mittelstadt in MINNESOTA Wild zone.
12:09 of 1st period - Icing by Jordan Greenway.
12:10 of 1st period - Scott Laughton wins face-off versus Jack Eichel in MINNESOTA Wild zone.
12:10 of 1st period - Tyler Toffoli is hit by Jack Eichel and loses puck.
12:26 of 1st period - Scott Laughton is hit by Travis Hamonic and loses puck.
12:41 of 1st period - Shot by Jack Eichel.
12:41 of 1st period - Shot Blocked by Mike Matheson.
12:47 of 1st period - Shot by Viktor Arvidsson.
12:47 of 1st period - Stopped by Jeremy Swayman with a rebound.
12:54 of 1st period - Frank Vatrano is hit by Travis Hamonic.
13:07 of 1st period - Double Minor Penalty to Nate Schmidt for Roughing.
13:08 of 1st period - Devin Shore wins face-off versus Jordan Eberle in VANCOUVER Canucks zone.
13:27 of 1st period - Shot by Will Butcher.
13:27 of 1st period - Shot Misses the Net.
13:33 of 1st period - Kyle Connor is hit by Devin Shore and loses puck.
13:38 of 1st period - Shot by Devin Shore.
13:38 of 1st period - Deflect By Janne Kuokkanen.
13:38 of 1st period - Shot Blocked by Will Butcher.
13:40 of 1st period - Shot by Ryan Pulock.
13:40 of 1st period - Goal by Ryan Pulock - VANCOUVER Canucks : 2 - MINNESOTA Wild : 0.
13:41 of 1st period - Frank Vatrano wins face-off versus Michael Rasmussen in neutral zone.
13:45 of 1st period - Off-side.
13:46 of 1st period - Frank Vatrano wins face-off versus Devin Shore in neutral zone.
13:46 of 1st period - Frank Vatrano is hit by Devin Shore.
13:52 of 1st period - Shot by Ryan Murray.
13:52 of 1st period - Stopped by Jeremy Swayman without a rebound.
13:53 of 1st period - Frank Vatrano wins face-off versus Devin Shore in VANCOUVER Canucks zone.
13:56 of 1st period - Shot by Mike Matheson.
13:56 of 1st period - Shot Blocked by Mattias Ekholm.
13:58 of 1st period - Shot by Ryan Murray.
13:58 of 1st period - Shot Misses the Net.
14:00 of 1st period - Shot by Ryan Murray.
14:00 of 1st period - Shot Misses the Net.
14:02 of 1st period - Shot by Frank Vatrano.
14:02 of 1st period - Shot Misses the Net.
15:14 of 1st period - Travis Hamonic is hit by Ty Smith and loses puck.
16:22 of 1st period - Shot by Kyle Connor.
16:22 of 1st period - Shot Blocked by Ryan Pulock.
16:24 of 1st period - Shot by Kyle Connor.
16:24 of 1st period - Shot Misses the Net.
16:26 of 1st period - Shot by Will Butcher.
16:26 of 1st period - Shot Misses the Net.
16:28 of 1st period - Shot by Will Butcher.
16:28 of 1st period - Stopped by Jeremy Swayman without a rebound.
16:29 of 1st period - Jordan Eberle wins face-off versus Devin Shore in VANCOUVER Canucks zone.
16:48 of 1st period - Shot by Danton Heinen.
16:48 of 1st period - Goal by Danton Heinen - VANCOUVER Canucks : 2 - MINNESOTA Wild : 1.
16:49 of 1st period - Jack Eichel wins face-off versus Scott Laughton in neutral zone.
17:06 of 1st period - Vladimir Tarasenko is hit by Casey Fitzgerald and loses puck.
17:12 of 1st period - Off-side.
17:13 of 1st period - Christian Dvorak wins face-off versus Tyler Angle in neutral zone.
19:55 of 1st period - Shot by Danton Heinen.
19:55 of 1st period - Stopped by Jeremy Swayman without a rebound.
19:56 of 1st period - Janne Kuokkanen wins face-off versus Scott Laughton in VANCOUVER Canucks zone.
Goals for this period are 2 for VANCOUVER Canucks vs 1 for MINNESOTA Wild .
Shots for this period are 9 for VANCOUVER Canucks vs 9 for MINNESOTA Wild .

2nd period


0:01 of 2nd period - Jack Eichel wins face-off versus Frank Vatrano in neutral zone.
0:18 of 2nd period - Shot by Vladimir Tarasenko.
0:18 of 2nd period - Stopped by Scott Wedgewood without a rebound.
0:19 of 2nd period - Joel Eriksson EK wins face-off versus Jordan Eberle in MINNESOTA Wild zone.
0:19 of 2nd period - Ryan Dzingel is hit by Victor Mete and loses puck.
0:49 of 2nd period - Icing by Will Butcher.
0:50 of 2nd period - Jordan Eberle wins face-off versus Jack Eichel in MINNESOTA Wild zone.
0:50 of 2nd period - Jordan Eberle is hit by Vladimir Tarasenko.
1:48 of 2nd period - Shot by Janne Kuokkanen.
1:48 of 2nd period - Shot Misses the Net.
1:49 of 2nd period - Minor Penalty to Ryan Murray for Holding.
1:50 of 2nd period - Casey Mittelstadt wins face-off versus Scott Laughton in MINNESOTA Wild zone.
2:31 of 2nd period - Shot by Casey Mittelstadt.
2:31 of 2nd period - Shot Misses the Net.
2:33 of 2nd period - Shot by Ryan Dzingel.
2:33 of 2nd period - Deflect By Joel Eriksson EK.
2:33 of 2nd period - Stopped by Scott Wedgewood without a rebound.
2:34 of 2nd period - Jack Eichel wins face-off versus Scott Laughton in MINNESOTA Wild zone.
2:57 of 2nd period - Shot by Vladimir Tarasenko.
2:57 of 2nd period - Shot Misses the Net.
3:15 of 2nd period - Shot by Travis Hamonic.
3:15 of 2nd period - Stopped by Scott Wedgewood without a rebound.
3:16 of 2nd period - Casey Mittelstadt wins face-off versus Scott Laughton in MINNESOTA Wild zone.
3:19 of 2nd period - Shot by Casey Mittelstadt.
3:19 of 2nd period - Stopped by Scott Wedgewood with a rebound.
3:21 of 2nd period - Shot by Ryan Pulock.
3:21 of 2nd period - Shot Blocked by Victor Mete.
3:53 of 2nd period - Shot by Tomas Nosek.
3:53 of 2nd period - Stopped by Scott Wedgewood with a rebound.
3:57 of 2nd period - Shot by Tomas Nosek.
3:57 of 2nd period - Shot Misses the Net.
3:59 of 2nd period - Shot by Ben Chiarot.
3:59 of 2nd period - Stopped by Scott Wedgewood without a rebound.
4:00 of 2nd period - Michael Rasmussen wins face-off versus Jordan Eberle in MINNESOTA Wild zone.
5:00 of 2nd period - Shot by Frank Vatrano.
5:00 of 2nd period - Stopped by Jeremy Swayman without a rebound.
5:01 of 2nd period - Vladimir Tarasenko wins face-off versus Kevin Rooney in VANCOUVER Canucks zone.
5:26 of 2nd period - Off-side.
5:27 of 2nd period - Scott Laughton wins face-off versus Joel Eriksson EK in neutral zone.
5:30 of 2nd period - Ben Chiarot is hit by Jordan Greenway and loses puck.
5:56 of 2nd period - Icing by Tobias Bjornfot.
5:57 of 2nd period - Joel Eriksson EK wins face-off versus Viktor Arvidsson in VANCOUVER Canucks zone.
6:44 of 2nd period - Danton Heinen is hit by Joel Eriksson EK and loses puck.
7:33 of 2nd period - Shot by Tyler Toffoli.
7:33 of 2nd period - Shot Misses the Net.
7:59 of 2nd period - Shot by Victor Mete.
7:59 of 2nd period - Shot Misses the Net.
8:14 of 2nd period - Icing by Will Butcher.
8:15 of 2nd period - Casey Mittelstadt wins face-off versus Kyle Connor in MINNESOTA Wild zone.
8:53 of 2nd period - Ryan Pulock is hit by Nick Bjugstad and loses puck.
9:06 of 2nd period - Shot by Danton Heinen.
9:06 of 2nd period - Shot Misses the Net.
9:26 of 2nd period - Shot by Danton Heinen.
9:26 of 2nd period - Goal by Danton Heinen - VANCOUVER Canucks : 2 - MINNESOTA Wild : 2.
9:27 of 2nd period - Joel Eriksson EK wins face-off versus Scott Laughton in neutral zone.
9:36 of 2nd period - Shot by Joel Eriksson EK.
9:36 of 2nd period - Stopped by Scott Wedgewood without a rebound.
9:37 of 2nd period - Scott Laughton wins face-off versus Michael Rasmussen in MINNESOTA Wild zone.
9:37 of 2nd period - Mike Matheson is hit by Tomas Nosek.
9:40 of 2nd period - Off-side.
9:41 of 2nd period - Frank Vatrano wins face-off versus Matt Duchene in neutral zone.
9:48 of 2nd period - Shot by Danton Heinen.
9:48 of 2nd period - Shot Blocked by Travis Hamonic.
9:53 of 2nd period - Minor Penalty to Vladimir Tarasenko for Hooking.
9:54 of 2nd period - Devin Shore wins face-off versus Jordan Eberle in VANCOUVER Canucks zone.
9:54 of 2nd period - Devin Shore is hit by Kyle Connor.
10:14 of 2nd period - Shot by Will Butcher.
10:14 of 2nd period - Shot Misses the Net.
10:43 of 2nd period - Off-side.
10:44 of 2nd period - Frank Vatrano wins face-off versus Devin Shore in neutral zone.
11:00 of 2nd period - Shot by Nick Bjugstad.
11:00 of 2nd period - Stopped by Jeremy Swayman without a rebound.
11:01 of 2nd period - Frank Vatrano wins face-off versus Michael Rasmussen in VANCOUVER Canucks zone.
11:04 of 2nd period - Shot by Mike Matheson.
11:04 of 2nd period - Shot Misses the Net.
11:16 of 2nd period - Shot by Mike Matheson.
11:16 of 2nd period - Shot Misses the Net.
11:18 of 2nd period - Shot by Frank Vatrano.
11:18 of 2nd period - Shot Misses the Net.
11:20 of 2nd period - Shot by Frank Vatrano.
11:20 of 2nd period - Shot Hit the Post.
11:22 of 2nd period - Shot by Frank Vatrano.
11:22 of 2nd period - Stopped by Jeremy Swayman without a rebound.
11:23 of 2nd period - Devin Shore wins face-off versus Jordan Eberle in VANCOUVER Canucks zone.
11:29 of 2nd period - Icing by Danton Heinen.
11:30 of 2nd period - Jordan Eberle wins face-off versus Devin Shore in MINNESOTA Wild zone.
12:16 of 2nd period - Shot by Jack Eichel.
12:16 of 2nd period - Shot Misses the Net.
12:25 of 2nd period - Icing by Ryan Murray.
12:26 of 2nd period - Scott Laughton wins face-off versus Joel Eriksson EK in MINNESOTA Wild zone.
13:03 of 2nd period - Danton Heinen is hit by Travis Hamonic and loses puck.
13:08 of 2nd period - Shot by Victor Mete.
13:08 of 2nd period - Stopped by Jeremy Swayman without a rebound.
13:09 of 2nd period - Jack Eichel wins face-off versus Jordan Eberle in VANCOUVER Canucks zone.
13:30 of 2nd period - Shot by Kyle Connor.
13:30 of 2nd period - Shot Misses the Net.
13:40 of 2nd period - Shot by Jordan Eberle.
13:40 of 2nd period - Shot Blocked by Ryan Pulock.
13:41 of 2nd period - Minor Penalty to Ryan Pulock for Boarding.
13:42 of 2nd period - Devin Shore wins face-off versus Frank Vatrano in VANCOUVER Canucks zone.
14:05 of 2nd period - Shot by Mike Matheson.
14:05 of 2nd period - Stopped by Jeremy Swayman without a rebound.
14:06 of 2nd period - Jordan Eberle wins face-off versus Michael Rasmussen in VANCOUVER Canucks zone.
14:13 of 2nd period - Shot by Kyle Connor.
14:13 of 2nd period - Stopped by Jeremy Swayman with a rebound.
15:48 of 2nd period - Off-side.
15:49 of 2nd period - Scott Laughton wins face-off versus Jack Eichel in neutral zone.
16:02 of 2nd period - Shot by Scott Laughton.
16:02 of 2nd period - Stopped by Jeremy Swayman without a rebound.
16:03 of 2nd period - Kevin Rooney wins face-off versus Michael Rasmussen in VANCOUVER Canucks zone.
16:03 of 2nd period - Kevin Rooney is hit by Ben Chiarot.
16:40 of 2nd period - Minor Penalty to Marko Dano for Tripping.
16:41 of 2nd period - Jack Eichel wins face-off versus Scott Laughton in MINNESOTA Wild zone.
16:46 of 2nd period - Shot by Vladimir Tarasenko.
16:46 of 2nd period - Shot Misses the Net.
16:50 of 2nd period - Shot by Matt Duchene.
16:50 of 2nd period - Stopped by Scott Wedgewood without a rebound.
16:51 of 2nd period - Jack Eichel wins face-off versus Scott Laughton in MINNESOTA Wild zone.
16:52 of 2nd period - Shot by Nate Schmidt.
16:52 of 2nd period - Stopped by Scott Wedgewood with a rebound.
17:15 of 2nd period - Matt Duchene is hit by Casey Fitzgerald and loses puck.
17:20 of 2nd period - Shot by Matt Duchene.
17:20 of 2nd period - Stopped by Scott Wedgewood without a rebound.
17:21 of 2nd period - Scott Laughton wins face-off versus Casey Mittelstadt in MINNESOTA Wild zone.
17:26 of 2nd period - Shot by Ryan Pulock.
17:26 of 2nd period - Shot Misses the Net.
17:28 of 2nd period - Shot by Casey Mittelstadt.
17:28 of 2nd period - Stopped by Scott Wedgewood without a rebound.
17:29 of 2nd period - Scott Laughton wins face-off versus Casey Mittelstadt in MINNESOTA Wild zone.
17:29 of 2nd period - Scott Laughton is hit by Ryan Dzingel.
17:41 of 2nd period - Shot by Tyler Toffoli.
17:41 of 2nd period - Shot Misses the Net.
17:43 of 2nd period - Shot by Victor Mete.
17:43 of 2nd period - Stopped by Jeremy Swayman without a rebound.
17:44 of 2nd period - Vladimir Tarasenko wins face-off versus Scott Laughton in VANCOUVER Canucks zone.
18:05 of 2nd period - Shot by Vladimir Tarasenko.
18:05 of 2nd period - Shot Misses the Net.
19:09 of 2nd period - Shot by Devin Shore.
19:09 of 2nd period - Stopped by Scott Wedgewood without a rebound.
19:10 of 2nd period - Jordan Eberle wins face-off versus Casey Mittelstadt in MINNESOTA Wild zone.
19:25 of 2nd period - Shot by Kyle Connor.
19:25 of 2nd period - Stopped by Jeremy Swayman without a rebound.
19:26 of 2nd period - Scott Laughton wins face-off versus Michael Rasmussen in VANCOUVER Canucks zone.
19:42 of 2nd period - Off-side.
19:43 of 2nd period - Jack Eichel wins face-off versus Jordan Eberle in neutral zone.
19:45 of 2nd period - Double Minor Penalty to Kyle Connor for High sticking.
19:46 of 2nd period - Jack Eichel wins face-off versus Scott Laughton in MINNESOTA Wild zone.
19:49 of 2nd period - Shot by Nate Schmidt.
19:49 of 2nd period - Stopped by Scott Wedgewood without a rebound.
19:50 of 2nd period - Scott Laughton wins face-off versus Matt Duchene in MINNESOTA Wild zone.
19:50 of 2nd period - Scott Laughton is hit by Matt Duchene.
Goals for this period are 0 for VANCOUVER Canucks vs 1 for MINNESOTA Wild .
Shots for this period are 13 for VANCOUVER Canucks vs 10 for MINNESOTA Wild .

3rd period


0:01 of 3rd period - Scott Laughton wins face-off versus Jack Eichel in neutral zone.
0:29 of 3rd period - Jack Eichel is hit by Casey Fitzgerald.
1:16 of 3rd period - Off-side.
1:17 of 3rd period - Casey Mittelstadt wins face-off versus Kevin Rooney in neutral zone.
2:13 of 3rd period - Icing by Matt Duchene.
2:14 of 3rd period - Matt Duchene wins face-off versus Nick Bjugstad in VANCOUVER Canucks zone.
2:43 of 3rd period - Tyler Toffoli is hit by Matt Duchene.
2:59 of 3rd period - Icing by Matt Duchene.
3:00 of 3rd period - Scott Laughton wins face-off versus Jack Eichel in VANCOUVER Canucks zone.
3:23 of 3rd period - Shot by Casey Mittelstadt.
3:23 of 3rd period - Shot Misses the Net.
3:25 of 3rd period - Shot by Joel Eriksson EK.
3:25 of 3rd period - Shot Misses the Net.
3:27 of 3rd period - Shot by Ryan Dzingel.
3:27 of 3rd period - Stopped by Scott Wedgewood with a rebound.
3:41 of 3rd period - Shot by Casey Mittelstadt.
3:41 of 3rd period - Shot Misses the Net.
4:08 of 3rd period - Icing by Tobias Bjornfot.
4:09 of 3rd period - Michael Rasmussen wins face-off versus Jordan Eberle in VANCOUVER Canucks zone.
4:28 of 3rd period - Shot by Michael Rasmussen.
4:28 of 3rd period - Stopped by Scott Wedgewood without a rebound.
4:29 of 3rd period - Jack Eichel wins face-off versus Frank Vatrano in MINNESOTA Wild zone.
4:29 of 3rd period - Jack Eichel is hit by Victor Mete.
4:38 of 3rd period - Icing by Will Butcher.
4:39 of 3rd period - Jack Eichel wins face-off versus Frank Vatrano in MINNESOTA Wild zone.
5:07 of 3rd period - Icing by Travis Hamonic.
5:08 of 3rd period - Jordan Eberle wins face-off versus Jack Eichel in VANCOUVER Canucks zone.
5:40 of 3rd period - Shot by Ryan Murray.
5:40 of 3rd period - Stopped by Jeremy Swayman without a rebound.
5:41 of 3rd period - Joel Eriksson EK wins face-off versus Frank Vatrano in VANCOUVER Canucks zone.
6:13 of 3rd period - Icing by Danton Heinen.
6:14 of 3rd period - Casey Mittelstadt wins face-off versus Frank Vatrano in MINNESOTA Wild zone.
6:27 of 3rd period - Shot by Frank Vatrano.
6:27 of 3rd period - Shot Blocked by Ben Chiarot.
6:46 of 3rd period - Mike Matheson is hit by Logan Shaw and loses puck.
7:07 of 3rd period - Shot by Matt Duchene.
7:07 of 3rd period - Shot Misses the Net.
7:09 of 3rd period - Shot by Jack Eichel.
7:09 of 3rd period - Deflect By Vladimir Tarasenko.
7:09 of 3rd period - Stopped by Scott Wedgewood without a rebound.
7:10 of 3rd period - Jack Eichel wins face-off versus Tyler Toffoli in MINNESOTA Wild zone.
7:27 of 3rd period - Shot by Jack Eichel.
7:27 of 3rd period - Shot Misses the Net.
7:57 of 3rd period - Will Butcher is hit by Travis Hamonic and loses puck.
8:09 of 3rd period - Icing by Travis Hamonic.
8:10 of 3rd period - Jack Eichel wins face-off versus Jordan Eberle in VANCOUVER Canucks zone.
8:10 of 3rd period - Jack Eichel is hit by Nick Bjugstad.
8:31 of 3rd period - Icing by Travis Hamonic.
8:32 of 3rd period - Danton Heinen wins face-off versus Jack Eichel in VANCOUVER Canucks zone.
8:55 of 3rd period - Shot by Frank Vatrano.
8:55 of 3rd period - Shot Misses the Net.
8:58 of 3rd period - Icing by Ryan Pulock.
8:59 of 3rd period - Joel Eriksson EK wins face-off versus Jordan Eberle in VANCOUVER Canucks zone.
9:07 of 3rd period - Icing by Kyle Connor.
9:08 of 3rd period - Jordan Eberle wins face-off versus Casey Mittelstadt in MINNESOTA Wild zone.
9:08 of 3rd period - Jordan Eberle is hit by Logan Shaw.
10:07 of 3rd period - Shot by Ryan Dzingel.
10:07 of 3rd period - Shot Misses the Net.
10:35 of 3rd period - Danton Heinen is hit by Joel Eriksson EK and loses puck.
10:54 of 3rd period - Shot by Frank Vatrano.
10:54 of 3rd period - Stopped by Jeremy Swayman with a rebound.
11:33 of 3rd period - Shot by Ty Smith.
11:33 of 3rd period - Shot Blocked by Nate Schmidt.
11:43 of 3rd period - Shot by Tyler Toffoli.
11:43 of 3rd period - Goal by Tyler Toffoli - VANCOUVER Canucks : 2 - MINNESOTA Wild : 3.
11:44 of 3rd period - Matt Duchene wins face-off versus Kevin Rooney in neutral zone.
11:49 of 3rd period - Shot by Matt Duchene.
11:49 of 3rd period - Stopped by Scott Wedgewood with a rebound.
12:01 of 3rd period - Shot by Marko Dano.
12:01 of 3rd period - Shot Misses the Net.
12:03 of 3rd period - Shot by Marko Dano.
12:03 of 3rd period - Stopped by Jeremy Swayman without a rebound.
12:04 of 3rd period - Joel Eriksson EK wins face-off versus Scott Laughton in VANCOUVER Canucks zone.
12:15 of 3rd period - Shot by Joel Eriksson EK.
12:15 of 3rd period - Deflect By Ryan Dzingel.
12:15 of 3rd period - Stopped by Scott Wedgewood without a rebound.
12:16 of 3rd period - Jack Eichel wins face-off versus Frank Vatrano in MINNESOTA Wild zone.
12:21 of 3rd period - Shot by Jack Eichel.
12:21 of 3rd period - Goal by Jack Eichel - VANCOUVER Canucks : 3 - MINNESOTA Wild : 3.
12:22 of 3rd period - Jack Eichel wins face-off versus Jordan Eberle in neutral zone.
12:28 of 3rd period - Off-side.
12:29 of 3rd period - Nick Bjugstad wins face-off versus Matt Duchene in neutral zone.
12:43 of 3rd period - Icing by Jack Eichel.
12:44 of 3rd period - Frank Vatrano wins face-off versus Jack Eichel in VANCOUVER Canucks zone.
12:57 of 3rd period - Shot by Viktor Arvidsson.
12:57 of 3rd period - Shot Blocked by Travis Hamonic.
13:07 of 3rd period - Shot by Vladimir Tarasenko.
13:07 of 3rd period - Deflect By Matt Duchene.
13:07 of 3rd period - Stopped by Scott Wedgewood without a rebound.
13:08 of 3rd period - Jordan Eberle wins face-off versus Joel Eriksson EK in MINNESOTA Wild zone.
13:18 of 3rd period - Shot by Ryan Dzingel.
13:18 of 3rd period - Shot Misses the Net.
13:20 of 3rd period - Shot by Ryan Pulock.
13:20 of 3rd period - Stopped by Scott Wedgewood without a rebound.
13:21 of 3rd period - Casey Mittelstadt wins face-off versus Tyler Toffoli in MINNESOTA Wild zone.
14:14 of 3rd period - Minor Penalty to Vladimir Tarasenko for Holding.
14:15 of 3rd period - Jordan Eberle wins face-off versus Devin Shore in VANCOUVER Canucks zone.
14:20 of 3rd period - Shot by Kyle Connor.
14:20 of 3rd period - Stopped by Jeremy Swayman without a rebound.
14:21 of 3rd period - Devin Shore wins face-off versus Jordan Eberle in VANCOUVER Canucks zone.
15:19 of 3rd period - Off-side.
15:20 of 3rd period - Devin Shore wins face-off versus Frank Vatrano in neutral zone.
15:29 of 3rd period - Shot by Frank Vatrano.
15:29 of 3rd period - Deflect By Viktor Arvidsson.
15:29 of 3rd period - Shot Blocked by Janne Kuokkanen.
15:31 of 3rd period - Shot by Ty Smith.
15:31 of 3rd period - Shot Misses the Net.
15:33 of 3rd period - Shot by Will Butcher.
15:33 of 3rd period - Shot Blocked by Travis Hamonic.
15:35 of 3rd period - Shot by Viktor Arvidsson.
15:35 of 3rd period - Stopped by Jeremy Swayman without a rebound.
15:36 of 3rd period - Frank Vatrano wins face-off versus Devin Shore in VANCOUVER Canucks zone.
16:22 of 3rd period - Icing by Matt Duchene.
16:23 of 3rd period - Jordan Greenway wins face-off versus Jack Eichel in VANCOUVER Canucks zone.
16:23 of 3rd period - Jordan Greenway is hit by Ryan Pulock.
16:38 of 3rd period - Scott Laughton is hit by Mattias Ekholm and loses puck.
17:01 of 3rd period - Shot by Tyler Toffoli.
17:01 of 3rd period - Shot Misses the Net.
17:03 of 3rd period - Shot by Ryan Murray.
17:03 of 3rd period - Goal by Ryan Murray - VANCOUVER Canucks : 3 - MINNESOTA Wild : 4.
17:04 of 3rd period - Michael Rasmussen wins face-off versus Kevin Rooney in neutral zone.
19:05 of 3rd period - Shot by Nick Bjugstad.
19:05 of 3rd period - Shot Misses the Net.
19:23 of 3rd period - VANCOUVER Canucks , Jeremy Swayman is pulled from the net.
19:53 of 3rd period - Shot by Danton Heinen.
19:53 of 3rd period - Goal by Danton Heinen - VANCOUVER Canucks : 3 - MINNESOTA Wild : 5.
19:53 of 3rd period - Jeremy Swayman from VANCOUVER Canucks was sent back in the game.
19:54 of 3rd period - Kevin Rooney wins face-off versus Casey Mittelstadt in neutral zone.
Goals for this period are 1 for VANCOUVER Canucks vs 3 for MINNESOTA Wild .
Shots for this period are 8 for VANCOUVER Canucks vs 8 for MINNESOTA Wild .